 Dungeon Crawl Stone Soup version 0.30-a0-718-geaa24f58ff (webtiles) character file.

Game seed: 10802781916254351490

1374 KarmaKiller the Cudgeller (level 8, -5/49 HPs)
             Began as a Gargoyle Fighter on Jan 25, 2023.
             Was an Initiate of Gozag.
             Slain by Duvessa
             ... wielding a +0 short sword
              (12 damage)
             ... on level 6 of the Dungeon.
             The game lasted 00:31:01 (4820 turns).

KarmaKiller the Cudgeller (Gargoyle Fighter)        Turns: 4820, Time: 00:31:01

Health: -5/49      AC: 20    Str: 29    XL:     8   Next: 66%
Magic:  8/8        EV:  9    Int:  8    God:    Gozag
Gold:   151        SH:  4    Dex:  9    Spells: 7/7 levels left

rFire   + + .      SeeInvis .    a - +0 flail
rCold   . . .      Faith    .    c - +0 buckler
rNeg    + . .      Spirit   .    w - +2 chain mail {rF+}
rPois   ∞          Reflect  .    (no helmet)
rElec   +          Harm     .    d - scarf {repulsion}
rCorr   .          Rampage  .    A - +0 pair of gloves
Will    .....                    u - +0 pair of boots Stlth
                                 k - amulet of regeneration
HPRegen 1.08/turn                e - +6 ring of strength
MPRegen 0.11/turn                p - ring of protection from fire

@: gold aura, hasted, repel missiles, very quick
A: sickness immunity, AC +5, negative energy resistance 1, electricity
resistance, torment resistance 1, petrification resistance
a: Renounce Religion, Potion Petition, Call Merchant, Bribe Branch


You were on level 6 of the Dungeon.
You worshipped Gozag.
Gozag was aware of your devotion.
You visited 1 branch of the dungeon, and saw 6 of its levels.

You collected 1194 gold pieces.
You spent 388 gold pieces at shops.
You paid 655 gold pieces to Gozag.

Inventory:

Hand Weapons
 a - a +0 flail (weapon)
 v - a +4 hand axe
Armour
 c - a +0 buckler (worn)
 d - a scarf of repulsion (worn)
 u - a +0 pair of boots (worn)
 w - a +2 chain mail of fire resistance (worn)
 A - a +0 pair of gloves (worn)
Jewellery
 e - a +6 ring of strength (left hand)
 k - an amulet of regeneration (around neck)
 p - a ring of protection from fire (right hand)
 s - an amulet of faith
 x - an amulet of magic regeneration
Wands
 b - a wand of roots (8) (quivered)
 y - a wand of light (2)
Scrolls
 f - 5 scrolls of teleportation
 g - 4 scrolls of identify
 h - a scroll of magic mapping
 o - a scroll of vulnerability
 q - a scroll of enchant armour {unknown}
 t - a scroll of noise {unknown}
Potions
 i - a potion of attraction {unknown}
 j - a potion of invisibility
 l - 2 potions of mutation
 n - a potion of curing {unknown}
 r - a potion of degeneration


   Skills:
 + Level 5.3 Fighting
 + Level 7.2 Maces & Flails
 + Level 6.1 Armour
 + Level 2.2 Dodging
 + Level 0.2 Stealth
 + Level 4.8 Shields
 + Level 0.1 Unarmed Combat


You had 7 spell levels left.
You didn't know any spells.
Your spell library contained the following spells:

 Spells                   Type           Power      Damage    Failure   Level
 Kiss of Death            Conj/Necr      0%         2d5       95%         1
 Confusing Touch          Hex            0%         N/A       100%        3
 Ozocubu's Armour         Ice            0%         N/A       100%        3
 Dispel Undead            Necr           0%         3d6       100%        4
 Ozocubu's Refrigeration  Ice            0%         4d7       100%        7


Dungeon Overview and Level Annotations

Branches:
Dungeon (6/15)
 Temple: D:4-7

Altars:
Dithmenos
Elyvilon
Gozag

Shops:
D:3 *   D:4 [

Annotations:
D:6 Duvessa


Innate Abilities, Weirdness & Mutations

You are immune to sickness and miasma.
Your stone body is resilient. (AC +5)
You are immune to poison.
You resist negative energy. (rN+)
You are resistant to electric shocks. (rElec)
You are resistant to unholy torment.
You are immune to petrification.


Message History

Duvessa goes berserk!
Duvessa hits you but does no damage. Duvessa completely misses you.
Items here: ! $ ) / [.
Duvessa barely misses you.
You barely miss Duvessa. Duvessa hits you with a +0 short sword.
You touch Duvessa.
Duvessa is lightly wounded.
Duvessa hits you with a +0 short sword!
You touch Duvessa but do no damage.
Duvessa is lightly wounded.
Duvessa closely misses you.
You touch Duvessa but do no damage.
Duvessa is lightly wounded.
Duvessa hits you with a +0 short sword!
* * * LOW HITPOINT WARNING * * *
Okay, then.
Your magical effects are unravelling.
You feel magically purged.
You condense into your normal self.
Your +0 flail unmelds from your body.
Your scarf of repulsion unmelds from your body.
Your +0 pair of gloves unmelds from your body.
Your +0 pair of boots unmelds from your body.
Your +0 buckler unmelds from your body.
Your +2 chain mail of fire resistance unmelds from your body.
Your +6 ring of strength unmelds from your body.
Your ring of protection from fire unmelds from your body.
Your amulet of regeneration unmelds from your body.
You are surrounded by a repulsion field.
You feel resistant to fire.
You feel stronger.
You feel yourself slow down. Duvessa hits you with a +0 short sword!
* * * LOW HITPOINT WARNING * * *
You feel yourself speed up. You block Duvessa's attack.
You hit Duvessa but do no damage.
Duvessa is lightly wounded.
Duvessa hits you with a +0 short sword!
You die...
Your body crumbles into a pile of gold.

#.......##.###.....#......#
####.#..#####.# ##.......#....
###......###....##..............
.......#.#...###.....#####>.####
####.###.#.####..##### #..
####.###...# ##.## #.#
..........####..#
##.............########
##.............$@.....#
.#.####.####.#.#e...#... .#.#
##.# #.####...# ...# #..# ..#
.§.§# ..## #.###..## §§.§§ .###
#.......# §.§§.§ ...# #..####..
..§§§§ ...###..## .§§§ ..
.........## #.


You could see Duvessa (berserk, fast).

Vanquished Creatures
  Menkaure (D:4)
  A black bear (D:6)
  An orc warrior (D:6)
  3 phantoms
  A bullfrog (D:4)
  Dowan (D:6)
  A jelly (D:6)
  3 hounds (D:4)
  3 orc priests
  2 iguanas
  4 orc wizards
  Natasha (twice) (D:3)
  10 gnolls
  3 adders
  A shadow imp (D:6)
  A white imp (D:4)
  2 ufetubi (D:6)
  2 worms
  A dart slug (D:4)
  37 orcs
  6 bats
  8 endoplasms
  4 giant cockroaches
  11 goblins
  5 hobgoblins
  9 jackals
  2 quokkas (D:4)
  4 ball pythons
  6 frilled lizards
  6 kobolds
  11 rats
152 creatures vanquished.

Vanquished Creatures (others)
  23 plants (D:2)
23 creatures vanquished.

Grand Total: 175 creatures vanquished

Notes
Turn   | Place    | Note
-------+----------+-------------------------------------------
     0 | D:1      | KarmaKiller the Gargoyle Fighter began the quest for the
                  | Orb.
     0 | D:1      | Reached XP level 1. HP: 14/14 MP: 1/1
   277 | D:1      | Reached XP level 2. HP: 19/19 MP: 2/2
   663 | D:1      | Reached XP level 3. HP: 23/23 MP: 3/3
   743 | D:1      | Found a faded altar of an unknown god.
  1070 | D:2      | Reached skill level 3 in Maces & Flails
  1070 | D:2      | Reached XP level 4. HP: 28/29 MP: 4/4
  1505 | D:2      | Reached XP level 5. HP: 33/33 MP: 5/5
  1678 | D:2      | Identified a scroll of acquirement
  1680 | D:2      | Acquired 725 gold pieces
  1731 | D:2      | Reached skill level 4 in Maces & Flails
  2338 | D:3      | Reached XP level 6. HP: 30/38 MP: 6/6
  2403 | D:3      | Noticed Natasha
  2414 | D:3      | Killed Natasha
  2590 | D:3      | Noticed Natasha
  2599 | D:3      | Killed Natasha
  2600 | D:3      | Reached skill level 1 in Dodging
  3089 | D:3      | Found Mucujusy's Assorted Antiques.
  3110 | D:3      | Bought an agate ring for 95 gold pieces
  3110 | D:3      | Bought an inky potion for 17 gold pieces
  3110 | D:3      | Bought a scroll labelled APLIOC WUUPP for 19 gold pieces
  3110 | D:3      | Bought a yellow potion for 17 gold pieces
  3267 | D:4      | Noticed Menkaure
  3275 | D:4      | Killed Menkaure
  3276 | D:4      | Reached skill level 5 in Maces & Flails
  3276 | D:4      | Reached XP level 7. HP: 43/43 MP: 7/7
  3342 | D:4      | Reached skill level 5 in Armour
  3512 | D:4      | Found an opulent altar of Gozag.
  3578 | D:4      | Became a worshipper of Gozag Ym Sagoz the Greedy
  3805 | D:4      | Found Riorrimu's Antique Armour Shoppe.
  3865 | D:4      | Reached skill level 6 in Maces & Flails
  3893 | D:4      | Bought a shiny chain mail for 240 gold pieces
  4269 | D:4      | Found a white marble altar of Elyvilon.
  4285 | D:5      | Entered Level 5 of the Dungeon
  4347 | D:5      | You fall into a shaft and drop 1 floor!
  4457 | D:6      | Reached XP level 8. HP: 48/48 MP: 8/8
  4594 | D:6      | Reached skill level 5 in Fighting
  4705 | D:6      | Reached skill level 7 in Maces & Flails
  4782 | D:6      | Noticed Dowan
  4783 | D:6      | Noticed Duvessa
  4809 | D:6      | Found a shadowy altar of Dithmenos.
  4811 | D:6      | Killed Dowan
  4820 | D:6      | Slain by Duvessa

Illustrated notes

Levels and vault maps discovered:
D:1:      matt_arrival_debris, layout_basic, chequers_ecumenical_altar_simple
D:2:      layout_basic, serial_bayou_lagoon_a, kennysheep_generic_room_12
D:3:      layout_basic, serial_shops, nicolae_shop_advertising_works
          [nicolae_subvault_shop_adworks], minmay_misc_feat_ornament,
          kennysheep_generic_room_6, uniq_natasha
D:4:      layout_loops_cross, kennysheep_mini, overflow_temple_1_default,
          serial_shops, nicolae_diamond_shop, uniq_menkaure
D:5:      layout_rooms, nicolae_ashenzari_panopticon,
          minmay_temple_entry_glassed_door, serial_shops, shop,
          kennysheep_cross_room
D:6:      layout_rooms, nicolae_dithmenos_the_darkroom,
          nicolae_qazlal_style_of_elements, minmay_increasing_density,
          uniq_edmund, uniq_duvessa, uniq_pikel, uniq_blork_the_orc

Skill      XL: |  1  2  3  4  5  6  7  8 |
---------------+-------------------------+-----
Maces & Flails | 3 4 5 6 7 |  7.2
Armour         | 4 5 6 |  6.1
Dodging        | 1 2 |  2.2
Fighting       | 4 5 |  5.3
Shields        | 4 |  4.8
Stealth        | |  0.2
Unarmed Combat | |  0.1

Action                     |  1- 3 |  4- 6 |  7- 9 || total
---------------------------+-------+-------+-------++-------
  Melee: Flail             |    82 |   191 |   245 ||   518
         Unarmed           |       |       |    22 ||    22
 Invoke: Potion Petition   |       |       |     1 ||     1
  Evoke: Wand              |       |     2 |       ||     2
    Use: Potion            |     2 |     1 |     5 ||     8
         Scroll            |     2 |     8 |       ||    10
 Armour: Scale mail        |    22 |       |       ||    22
         Chain mail        |    30 |   142 |   152 ||   324
         Skin              |       |       |     5 ||     5
  Dodge: Dodged            |    35 |    96 |   139 ||   270
         Repelled          |       |     1 |     1 ||     2
  Block: Buckler           |    17 |    46 |    69 ||   132

Table legend: (Time is in decaauts)
 A = Elapsed time spent in this place.
 B = Non-inter-level travel time spent in this place.
 C = Inter-level travel time spent in this place.
 D = Time resting spent in this place.
 E = Time spent auto-exploring this place.
 F = Levels seen in this place.
 G = Mean time per level.
                   A        B        C        D        E       F      G
               +--------+--------+--------+--------+--------+-----+--------+
         Total |   4919 |   4919 |      0 |    189 |      0 |   6 |  819.8 |
       Dungeon |   4919 |   4919 |      0 |    189 |      0 |   6 |  819.8 |
               +--------+--------+--------+--------+--------+-----+--------+

Top non-repeatable levels by time:
     D:2: 1195 daAuts
     D:4: 1121 daAuts
     D:3: 1082 daAuts
     D:1: 1004 daAuts
     D:6: 452 daAuts
     D:5: 63 daAuts
